 Dungeon Crawl Stone Soup version 0.20.1-1-g8b1a95d (webtiles) character file.

30142 Ladykiller69 the Grappler (level 13, 0/124 HPs)
             Began as a Troll Hunter on July 23, 2017.
             Was the Champion of Cheibriados.
             Hit by a poisoned tomahawk thrown by an orc warrior (15 damage)
             ... on level 1 of the Orcish Mines.
             The game lasted 00:43:38 (13815 turns).

Ladykiller69 the Grappler (Troll Hunter)           Turns: 13815, Time: 00:43:38

Health: 0/124      AC: 13    Str: 39    XL:     13   Next: 19%
Magic:  10/18      EV: 15    Int: 22    God:    Cheibriados [******]
Gold:   948        SH:  0    Dex: 28    Spells: 12/12 levels left

rFire    . . .     SeeInvis .     - Unarmed
rCold    . . .     Gourm    +   (no shield)
rNeg     + . .     Faith    +   k - +0 pearl dragon scales
rPois    +         Spirit   .   (helmet restricted)
rElec    .         Reflect  .   (no cloak)
rCorr    .         Harm     .   (gloves unavailable)
MR       +....                  (boots unavailable)
Stlth    +.........             j - amulet of faith
Regen    0.7/turn               C - ring of poison resistance
MPRegen  0.2/turn               V - ring of protection from magic

@: very slow
A: unfitting armour, claws 3, fast metabolism 3, gourmand, regeneration 1,
shaggy fur 1, tough skin 2
a: Bend Time, Temporal Distortion, Slouch, Step From Time, Renounce Religion


You were on level 1 of the Orcish Mines.
You worshipped Cheibriados.
Cheibriados was exalted by your worship.
You were completely stuffed.

You visited 4 branches of the dungeon, and saw 17 of its levels.

You collected 948 gold pieces.

Inventory:

Hand Weapons
 w - a +0 blowgun
Missiles
 c - 2 large rocks (quivered)
 d - 3 throwing nets
 g - 475 stones
 p - 91 poisoned needles
 t - 4 needles of sleeping
 D - 5 javelins of penetration
 F - 6 tomahawks
 L - 2 curare-tipped needles
 Z - 5 needles of confusion
Armour
 k - +0 pearl dragon scales (worn)
 G - a +2 robe of magic resistance
 S - a +0 robe of cold resistance
Jewellery
 j - an amulet of faith (around neck)
 q - the ring of Tension {rPois Str+5, unknown}
   (You found it on level 3 of the Lair of Beasts)

   [ring of strength]

   It affects your strength (+5).
   It protects you from poison.
 C - a ring of poison resistance (left claw)
 H - a +5 amulet of reflection {unknown}
 V - a ring of protection from magic (right claw)
Wands
 I - a wand of digging (16/24)
 M - a wand of confusion (27/48)
 Q - a wand of confusion (31/48)
 W - a wand of digging (16/24)
Scrolls
 b - a scroll of magic mapping {unknown}
 h - a scroll of enchant weapon
 m - a scroll of enchant armour {unknown}
 o - 6 scrolls of teleportation
 r - 3 scrolls of fog
 v - 7 scrolls of remove curse
 x - 3 scrolls of blinking
 y - 3 scrolls of amnesia
 B - 3 scrolls of recharging
 T - 2 scrolls of silence
 X - a scroll of fear
Potions
 e - 3 potions of might
 l - 3 potions of resistance
 n - 3 potions of curing
 s - 2 potions of agility
 u - a potion of mutation
 z - a potion of cancellation
 A - a potion of heal wounds
 K - 3 potions of magic
 Y - a potion of flight
Books
 O - a book of Debilitation

   Spells                             Type                      Level
   a - Corona                         Hexes                        1
   b - Slow                           Hexes                        2
   c - Inner Flame                    Hexes/Fire                   3
   d - Portal Projectile              Hexes/Translocation          3
   e - Cause Fear                     Hexes                        4
   f - Leda's Liquefaction            Hexes/Earth                  4
Miscellaneous
 R - a lightning rod (4/4)
 U - a sack of spiders
Comestibles
 a - 7 meat rations
 f - 8 bread rations
 i - 12 royal jellies
 E - a chunk of flesh
 J - 11 fruits


   Skills:
 + Level 7.1 Fighting
 + Level 9.0 Throwing
 + Level 2.0 Armour
 + Level 7.1 Dodging
 - Level 2.5 Stealth
 * Level 11.6 Unarmed Combat
 * Level 9.0 Invocations
 + Level 5.1 Evocations


You had 12 spell levels left.
You didn't know any spells.

Dungeon Overview and Level Annotations

Branches:
Dungeon (11/15)            Temple (1/1) D:6            Lair (3/6) D:9
  Swamp (0/4) Lair:3        Snake (0/4) Lair:3          Orc (2/2) D:10
    Elf: Orc:2

Altars:
Ashenzari
Cheibriados
Dithmenos
Elyvilon
Fedhas
Gozag
Hepliaklqana
Makhleb
Nemelex Xobeh
Okawaru
Qazlal
Ru
Trog
Uskayaw
Vehumet
Xom
Zin
The Shining One
Beogh

Shops:
D:10 ?   D:11 *   Orc:1 (

Portals:
Trove: D:11 (give 10 potions of heal wounds)

Annotations:
D:7 Ketzopolo's ghost, novice TrBe
D:11 1 transporter, exclusions: 2 doors and hydra, Grum
Lair:2 exclusion: 2 oklob plants


Innate Abilities, Weirdness & Mutations

You are too large for most types of armour.
You have claws for hands.
Your metabolism is lightning-fast.
You like to eat raw meat.
Your natural rate of healing is unusually fast.
You are covered in fur. (AC +1)
You have very tough skin. (AC +2)


Message History

You claw the two-headed ogre!
The two-headed ogre is almost dead.
The two-headed ogre misses you.
The two-headed ogre hits you with a giant spiked club!
* * * LOW HITPOINT WARNING * * *
Throwing (i - inventory. (,) - cycle):
c - 3 large rocks (quivered)
Press: ? - help, Shift-Dir - straight line, f/p - two-headed ogre
Aim: a two-headed ogre, wielding a great mace and a giant spiked club (almost dead)
You throw a large rock.
The large rock hits the two-headed ogre but does no damage.
The two-headed ogre is almost dead.
The two-headed ogre misses you.
The two-headed ogre completely misses you.
The orc warrior throws a poisoned tomahawk.
The poisoned tomahawk closely misses you.
The two-headed ogre misses you.
The two-headed ogre completely misses you.
The orc warrior throws a poisoned tomahawk.
The poisoned tomahawk hits you!
You die...

####.............#
#####.##.............#######
##.##..................#.##.##
#....#.#............o........#
##................#..........#
##.#...##............#......##
#......##...........###...###
##..........)).....###....#
#.....(.(.(.O@....##...÷.##
##..........)............#
##..........[.[........##
#####..........)[.).......#.##
.#.###............[[.........#
......#....#..#...[[).......##
.##+#...................#.###
..+∩+.........#.....#...###
..#'#.#.###.##...........#


You could see a two-headed ogre and an orc warrior.

Vanquished Creatures
  4 hydras
  The ghost of corax the Covert, a journeyman SpAs of Gozag (D:10)
  4 two-headed ogres
  Urug (D:11)
  Pikel (D:4)
  2 black mambas
  9 spiny frogs
  Psyche (D:9)
  A torpor snail (Lair:2)
  A komodo dragon (Lair:3)
  A tyrant leech (Lair:3)
  4 hippogriffs
  5 blink frogs (Lair:3)
  Sigmund (D:6)
  29 yaks
  7 humans
  A wyvern (D:8)
  A basilisk (Lair:2)
  3 hungry ghosts
  3 hogs (D:7)
  2 nagas (Lair:3)
  3 vampire mosquitoes (D:11)
  A warg (Orc:1)
  Edmund (D:4)
  2 swamp worms (Lair:3)
  Duvessa (D:6)
  8 porcupines
  8 water moccasins
  5 orc warriors
  An ice beast (D:10)
  A sky beast (D:8)
  3 slaves (D:4)
  An eye of draining (D:9)
  7 black bears
  5 ogres
  A necrophage (D:11)
  8 wolves
  9 centaurs
  7 crocodiles
  2 big kobolds
  15 bullfrogs
  Dowan (D:6)
  4 scorpions
  A water moccasin skeleton (D:7)
  7 killer bees
  13 wights
  7 howler monkeys
  A centaur zombie (D:6)
  2 crimson imps
  5 jellies
  9 hounds
  A quasit (D:7)
  6 orc priests
  15 orc wizards
  A gnoll shaman (D:9)
  4 bullfrog skeletons
  Jessica (D:2)
  4 iguanas
  7 worker ants
  Natasha (thrice) (D:3)
  A killer bee zombie (D:8)
  2 hound zombies
  2 hound skeletons (D:7)
  A howler monkey zombie (D:5)
  2 worker ant zombies
  4 gnolls (D:9)
  5 adders
  A shadow imp (D:11)
  3 oozes
  4 worms
  A dart slug (D:2)
  3 leopard geckos
  48 orcs
  A ball python (D:1)
  3 giant cockroaches
  2 goblins (D:1)
  5 hobgoblins
  2 jackals (D:1)
  14 kobolds
  7 quokkas
  13 bats
  3 frilled lizards
  A jackal zombie (D:6)
  A rat (D:3)
  A plant (D:9)
393 creatures vanquished.

Vanquished Creatures (others)
  16 fungi
  6 plants
22 creatures vanquished.

Grand Total: 415 creatures vanquished

Notes
Turn   | Place    | Note
-------+----------+-------------------------------------------
     0 | D:1      | Ladykiller69 the Troll Hunter began the quest for the Orb.
     0 | D:1      | Reached XP level 1. HP: 19/19 MP: 0/0
    60 | D:1      | Reached skill level 1 in Unarmed Combat
   180 | D:1      | Reached XP level 2. HP: 27/27 MP: 1/1
   628 | D:1      | Reached XP level 3. HP: 35/35 MP: 2/2
   711 | D:2      | Noticed Jessica
   719 | D:2      | Killed Jessica
   719 | D:2      | Reached skill level 2 in Unarmed Combat
   973 | D:2      | Reached skill level 1 in Stealth
  1016 | D:2      | Reached XP level 4. HP: 40/42 MP: 3/3
  1865 | D:3      | Noticed Natasha
  1872 | D:3      | Killed Natasha
  1922 | D:3      | Noticed Natasha
  1934 | D:3      | Killed Natasha
  1934 | D:3      | Reached XP level 5. HP: 35/49 MP: 4/4
  2319 | D:3      | Noticed Natasha
  2324 | D:3      | Killed Natasha
  2324 | D:3      | Reached skill level 3 in Unarmed Combat
  2549 | D:4      | Noticed an orc warrior
  2843 | D:4      | Reached XP level 6. HP: 58/58 MP: 5/5
  2994 | D:4      | Killed an orc warrior
  2994 | D:4      | Reached skill level 4 in Unarmed Combat
  3043 | D:4      | Noticed a slave
  3059 | D:4      | Noticed a slave
  3399 | D:4      | Noticed Edmund
  3413 | D:4      | Killed Edmund
  3413 | D:4      | Reached XP level 7. HP: 53/66 MP: 6/6
  3566 | D:4      | Noticed Pikel
  3576 | D:4      | Killed Pikel
  3576 | D:4      | Reached skill level 5 in Throwing
  3576 | D:4      | Reached skill level 5 in Unarmed Combat
  3576 | D:4      | Reached XP level 8. HP: 66/75 MP: 7/7
  3699 | D:5      | Entered Level 5 of the Dungeon
  4179 | D:5      | Found a burning altar of Makhleb.
  4604 | D:6      | Reached skill level 6 in Unarmed Combat
  4625 | D:6      | Noticed Sigmund
  4694 | D:6      | Found a glowing golden altar of the Shining One.
  4694 | D:6      | Found a shimmering altar of Xom.
  4700 | D:6      | Found a hide-covered altar of Uskayaw.
  4702 | D:6      | Found a faded altar of an unknown god.
  4703 | D:6      | Found a stormy altar of Qazlal.
  4755 | D:6      | Reached skill level 1 in Evocations
  4830 | D:6      | Killed Sigmund
  4918 | D:6      | Noticed Duvessa
  4926 | D:6      | Noticed Dowan
  4938 | D:6      | Killed Duvessa
  4979 | D:6      | Killed Dowan
  4985 | D:6      | Reached XP level 9. HP: 59/84 MP: 9/9
  5024 | D:6      | Found a staircase to the Ecumenical Temple.
  5033 | Temple   | Entered the Ecumenical Temple
  5103 | Temple   | Became a worshipper of Cheibriados the Contemplative
  5236 | D:6      | Found a burning altar of Makhleb.
  5239 | D:6      | Found a sacrificial altar of Ru.
  5497 | D:7      | Reached skill level 7 in Unarmed Combat
  5539 | D:7      | Reached skill level 1 in Invocations
  5712 | D:7      | Reached * piety under Cheibriados
  5795 | D:7      | Noticed Ketzopolo's ghost (novice TrBe)
  5962 | D:7      | Found an iron altar of Okawaru.
  6370 | D:7      | Reached ** piety under Cheibriados
  6397 | D:7      | Found a white marble altar of Elyvilon.
  6501 | D:7      | Reached skill level 8 in Unarmed Combat
  6501 | D:7      | Reached XP level 10. HP: 54/94 MP: 8/11
  7170 | D:9      | Reached skill level 5 in Dodging
  7358 | D:9      | Reached skill level 5 in Fighting
  7373 | D:9      | Found a staircase to the Lair.
  7379 | D:9      | Reached *** piety under Cheibriados
  7914 | D:9      | Found a runed door.
  7921 | D:9      | Noticed a two-headed ogre
  7940 | D:9      | Killed a two-headed ogre
  7940 | D:9      | Reached skill level 9 in Unarmed Combat
  7944 | D:9      | Reached skill level 5 in Invocations
  8144 | D:9      | Noticed Psyche
  8193 | D:9      | Reached XP level 11. HP: 73/104 MP: 13/13
  8204 | D:9      | Reached **** piety under Cheibriados
  8393 | D:9      | Found a runed door.
  8395 | D:9      | Found a runed door.
  8401 | D:9      | Found a runed door.
  8504 | D:9      | Killed Psyche
  8616 | D:10     | Entered Level 10 of the Dungeon
  8745 | D:10     | Found a staircase to the Orcish Mines.
  8781 | D:10     | Noticed a two-headed ogre
  8792 | D:10     | Killed a two-headed ogre
  8932 | D:10     | Reached ***** piety under Cheibriados
  9028 | D:10     | Noticed corax's ghost (journeyman SpAs)
  9056 | D:10     | Killed corax's ghost
  9074 | D:10     | Found Cecolot's Magic Scroll Shop.
  9423 | D:11     | Found a portal to a secret trove of treasure.
  9486 | D:11     | Noticed a two-headed ogre
  9510 | D:11     | Killed a two-headed ogre
  9510 | D:11     | Reached skill level 10 in Unarmed Combat
  9543 | D:11     | Found Yqikesih's General Store.
  9701 | D:11     | Noticed Grum
  9872 | D:11     | Noticed a two-headed ogre
  9882 | D:11     | Killed a two-headed ogre
  9955 | D:11     | Noticed Urug
 10087 | D:11     | Killed Urug
 10125 | D:11     | Noticed a seven-headed hydra
 10347 | D:11     | Found a transporter.
 10519 | Lair:1   | Entered Level 1 of the Lair of Beasts
 10658 | Lair:1   | Noticed a five-headed hydra
 10661 | Lair:1   | Killed a five-headed hydra
 10661 | Lair:1   | Reached XP level 12. HP: 114/114 MP: 16/16
 10950 | Lair:1   | Reached ****** piety under Cheibriados
 11570 | Lair:2   | Reached skill level 11 in Unarmed Combat
 11909 | Lair:2   | Noticed a four-headed hydra
 11912 | Lair:2   | Killed a four-headed hydra
 12068 | Lair:2   | Noticed an eight-headed hydra
 12077 | Lair:2   | Killed an eight-headed hydra
 12077 | Lair:2   | Reached skill level 1 in Armour
 12490 | Lair:3   | Found a staircase to the Swamp.
 12575 | Lair:3   | Reached skill level 5 in Evocations
 12684 | Lair:3   | Reached XP level 13. HP: 122/122 MP: 18/18
 12906 | Lair:3   | Found a staircase to the Snake Pit.
 13140 | Lair:3   | Got a scintillating pewter ring
 13383 | Orc:1    | Entered Level 1 of the Orcish Mines
 13564 | Orc:1    | Found Rosm's Weapon Shoppe.
 13612 | Orc:2    | Entered Level 2 of the Orcish Mines
 13649 | Orc:1    | Found a roughly hewn altar of Beogh.
 13652 | Orc:1    | Noticed an orc warlord
 13815 | Orc:1    | Hit by a poisoned tomahawk thrown by an orc warrior

Skill      XL: |  1  2  3  4  5  6  7  8  9 10 11 12 13 |
---------------+----------------------------------------+-----
Unarmed Combat | 1 2 3 4 5 6 8 9 10 11 | 11.6
Stealth        | 1 2 |  2.5
Fighting       | 2 3 4 5 6 7 |  7.1
Throwing       | 4 5 6 7 8 9 |  9.0
Dodging        | 2 3 4 5 6 7 |  7.1
Evocations     | 1 2 3 4 5 |  5.1
Invocations    | 3 5 7 8 9 |  9.0
Armour         | 1 2 |  2.0

Action                   |  1- 3 |  4- 6 |  7- 9 | 10-12 | 13-15 || total
-------------------------+-------+-------+-------+-------+-------++-------
Melee: Unarmed           |    68 |   130 |   305 |   500 |    63 ||  1066
       Punch             |       |     2 |    12 |    32 |     8 ||    54
 Fire: Blowgun           |       |    12 |     6 |    32 |       ||    50
Throw: Large rock        |     1 |       |       |    13 |     7 ||    21
       Stone             |    14 |    22 |    22 |    13 |       ||    71
       Tomahawk          |       |     4 |    26 |   199 |    26 ||   255
       Javelin           |       |       |       |     5 |       ||     5
Invok: Bend Time         |       |       |     1 |     6 |       ||     7
       Step From Time    |       |       |       |       |     1 ||     1
       Slouch            |       |       |       |       |     1 ||     1
Evoke: Wand              |       |       |       |     3 |       ||     3
  Use: Scroll            |       |       |       |    24 |     3 ||    27
       Potion            |       |       |       |       |     1 ||     1
 Stab: Sleeping          |     1 |     2 |     4 |     1 |       ||     8
  Eat: Chunk             |    13 |    23 |    35 |    45 |     8 ||   124
Armor: Robe              |    24 |    39 |    74 |    77 |       ||   214
       Pearl dragon scal |       |       |       |    33 |    27 ||    60
Dodge: Dodged            |    45 |    64 |   155 |   316 |    78 ||   658
